 Dungeon Crawl Stone Soup version 0.26-a0-846-gcc8f1ee719 (webtiles) character file.

Game seed: 12907010544605156751

95 marklar909 the Vandal (level 4, 0/30 HPs)
             Began as a Halfling Hunter on Nov 20, 2020.
             Killed by nerve-wracking pain
             ... invoked by Grinder
              (9 damage)
             ... on level 3 of the Dungeon.
             The game lasted 00:01:56 (1530 turns).

marklar909 the Vandal (Halfling Hunter)             Turns: 1530, Time: 00:01:56

Health: 0/30       AC:  4    Str: 13    XL:     4   Next: 97%
Magic:  4/4        EV: 15    Int:  9    God:
Gold:   135        SH:  0    Dex: 15    Spells: 3/3 levels left

rFire    . . .     SeeInvis .   a - +1 hunting sling
rCold    . . .     Faith    .   (shield restricted)
rNeg     . . .     Spirit   .   c - +0 leather armour
rPois    .         Reflect  .   (no helmet)
rElec    .         Harm     .   j - +0 cloak
rCorr    .         Rampage  .   (no gloves)
MR       .....                  (no boots)
Stlth    ++........             (no amulet)
HPRegen  0.10/turn              (no ring)
MPRegen  0.09/turn              (no ring)

@: no status effects
A: small, mutation resistance 1
a: no special abilities


You were on level 3 of the Dungeon.
You visited 1 branch of the dungeon, and saw 3 of its levels.

You collected 135 gold pieces.

Inventory:

Hand Weapons
 a - a +1 hunting sling (weapon)
Missiles
 d - 42 sling bullets (quivered)
 f - 87 stones
Armour
 c - a +0 leather armour (worn)
 j - a +0 cloak (worn)
Jewellery
 h - an uncursed ring of flight {unknown}
Scrolls
 b - 2 scrolls of identify {unknown}
 e - 2 scrolls of fear {unknown}
 i - 2 scrolls of remove curse {unknown}
 k - 3 scrolls of immolation {unknown}
 n - a scroll of random uselessness {unknown}
 p - a scroll of enchant armour {unknown}
 q - 2 scrolls of enchant weapon {unknown}
Potions
 g - a potion of magic {unknown}
 l - 2 potions of invisibility {unknown}
 m - a potion of might {unknown}
 o - a potion of heal wounds {unknown}
 r - a potion of curing {unknown}


   Skills:
 + Level 2.3 Fighting
 + Level 7.8 Slings
 + Level 0.2 Armour
 + Level 2.5 Dodging
 + Level 1.4 Stealth


You had 3 spell levels left.
You didn't know any spells.
Your spell library was empty.

Dungeon Overview and Level Annotations

Branches:
Dungeon (3/15)

Altars:
Gozag
Sif Muna

Annotations:
D:3 Grinder


Innate Abilities, Weirdness & Mutations

You are small and have problems with some larger weapons.
You are somewhat resistant to further mutation.


Message History

Press: ? - help, Shift-Dir - straight line, f/p - Grinder
Aim: Grinder (moderately wounded)
You shoot a sling bullet. The sling bullet hits Grinder.
Grinder is heavily wounded.
Firing (i - inventory. (/) - cycle)
d - 43 sling bullets (quivered)
Press: ? - help, Shift-Dir - straight line, f/p - Grinder
Aim: Grinder (heavily wounded)
You shoot a sling bullet. The sling bullet hits Grinder.
Grinder is severely wounded.
Grinder gestures at you.
You suddenly lose the ability to move!
Grinder hits you but does no damage. Grinder hits you.
You writhe in agony.
* * * LOW HITPOINT WARNING * * *
Grinder gestures at you.
You barely resist.
You can move again.
Grinder gestures at you. Pain shoots through your body!
You die...

##################...
...................
#........>...... ..
#.#.######.###....
#.<...............
#.##.#####†#.#...
#...........#
#####.###.#.###...
#....@.5(....(.
##.##$#w##(....
#.....#.# ....
##.####.# ... # #.#
.. #.# . #.# .#


You could see Grinder and a worm.

Vanquished Creatures
  3 adders (D:2)
  An ooze (D:2)
  3 worms (D:2)
  2 dart slugs (D:1)
  3 leopard geckos
  A ball python (D:2)
  5 bats
  4 giant cockroaches
  6 goblins
  4 hobgoblins
  7 kobolds
  3 frilled lizards
  7 rats
49 creatures vanquished.

Notes
Turn   | Place    | Note
-------+----------+-------------------------------------------
     0 | D:1      | marklar909 the Halfling Hunter began the quest for the Orb.
     0 | D:1      | Reached XP level 1. HP: 14/14 MP: 1/1
    75 | D:1      | Reached skill level 6 in Slings
   120 | D:1      | Reached XP level 2. HP: 17/19 MP: 2/2
   343 | D:1      | Reached XP level 3. HP: 24/24 MP: 3/3
   575 | D:2      | Reached skill level 7 in Slings
   705 | D:2      | Reached XP level 4. HP: 29/29 MP: 4/4
   721 | D:2      | Found a shimmering blue altar of Sif Muna.
  1242 | D:2      | Found an opulent altar of Gozag.
  1512 | D:3      | Noticed Grinder
  1526 | D:3      | Paralysed by Grinder for 3 turns
  1530 | D:3      | Killed from afar by Grinder

Illustrated notes

Levels and vault maps discovered:
D:1:      ebering_trefoil_3fold, layout_rooms
D:2:      layout_loops_ring, grunt_gozag_statues, overflow_temple_1_default
D:3:      minmay_wonky_spiral, layout_basic, uniq_crazy_yiuf_cottage,
          uniq_terence, uniq_grinder

Skill      XL: |  1  2  3 |
---------------+----------+-----
Slings         | 6 7 |  7.8
Fighting       | 2 |  2.3
Armour         | |  0.2
Dodging        | |  2.5
Stealth        | |  1.4

Action                   |  1- 3 |  4- 6 || total
-------------------------+-------+-------++-------
 Fire: Hunting sling     |    72 |    69 ||   141
Armor: Leather armour    |     3 |     1 ||     4
Dodge: Dodged            |     9 |     5 ||    14

Table legend: (Time is in decaauts)
 A = Elapsed time spent in this place.
 B = Non-inter-level travel time spent in this place.
 C = Inter-level travel time spent in this place.
 D = Time resting spent in this place.
 E = Time spent auto-exploring this place.
 F = Levels seen in this place.
 G = Mean time per level.
                   A        B        C        D        E       F      G
               +--------+--------+--------+--------+--------+-----+--------+
         Total |   1507 |   1462 |     45 |      0 |   1224 |   3 |  502.3 |
       Dungeon |   1507 |   1462 |     45 |      0 |   1224 |   3 |  502.3 |
               +--------+--------+--------+--------+--------+-----+--------+

Top non-repeatable levels by time:
     D:2: 918 daAuts
     D:1: 561 daAuts
     D:3: 28 daAuts
